 Dungeon Crawl Stone Soup version 0.28-a0-687-gb91baff9cc (webtiles) character file.

Game seed: 9721692991422620541

2867 Iscandelvey the Conjurer (level 9, 0/85 HPs)
             Began as a Demonspawn Fire Elementalist on Oct 20, 2021.
             Was an Initiate of Vehumet.
             Slain by an orc wizard (2 damage)
             ... on level 8 of the Dungeon.
             The game lasted 00:41:34 (9313 turns).

Iscandelvey the Conjurer (DsFE)                     Turns: 9313, Time: 00:41:34

Health: 0/85       AC: 24    Str:  8    XL:     9   Next: 47%
Magic:  14/17      EV:  2    Int: 21    God:    Vehumet [......]
Gold:   333        SH:  4    Dex: 13    Spells: 13/19 levels left

rFire   . . .      SeeInvis .   q - +1 hunting sling (flame)
rCold   . . .      Faith    +   G - +0 buckler
rNeg    . . .      Spirit   .   (armour currently unavailable)
rPois   +          Reflect  .   (helmet currently unavailable)
rElec   .          Harm     .   (cloak currently unavailable)
rCorr   .          Rampage  .   (gloves currently unavailable)
Will    .....      NoTele   +   (boots currently unavailable)
Stlth   +++.......              s - amulet of faith
HPRegen 1.24/turn               P - ring of poison resistance
MPRegen 0.15/turn               (no ring)

@: brilliant, tree-form, hasted, very quick
A: stationary, stasis, torment immunity, boosted hp, repulsion field 1, demonic
guardian 1, powered by death 1
a: Renounce Religion


You were on level 8 of the Dungeon.
You worshipped Vehumet.
Vehumet was noncommittal.
You were a tree.
You visited 2 branches of the dungeon, and saw 9 of its levels.

You collected 333 gold pieces.

Inventory:

Hand Weapons
 i - a +0 dagger
 l - a +0 vorpal mace
 q - a +1 hunting sling of flaming (weapon)
 u - a +3 dagger
 w - a +1 dagger of draining
 y - a +2 short sword of freezing
 M - a +2 whip of electrocution
Missiles
 f - 4 javelins
 m - 80 arrows
 p - 177 stones (quivered ammo)
 t - 17 sling bullets
 v - 13 boomerangs
 F - 45 bolts
 N - a curare-tipped dart
 O - 3 poisoned darts
 Q - 2 silver javelins
Armour
 h - a +0 leather armour
 j - a +0 pair of boots (melded)
 o - a +0 cloak (melded)
 r - a +2 helmet (melded)
 G - a +0 buckler (worn)
 R - +0 steam dragon scales (melded)
Jewellery
 s - an amulet of faith (around neck)
 P - a ring of poison resistance (left branch)
Wands
 I - a wand of flame (10)
 S - a wand of polymorph (10)
Scrolls
 a - 5 scrolls of teleportation
 d - a scroll of immolation {unknown}
 k - 6 scrolls of noise {unknown}
 x - 4 scrolls of identify {unknown}
 B - 3 scrolls of fear {unknown}
 C - 2 scrolls of amnesia {unknown}
 H - a scroll of brand weapon {unknown}
 J - a scroll of magic mapping {unknown}
 K - a scroll of fog {unknown}
Potions
 b - 2 potions of haste
 e - a potion of magic {unknown}
 g - a potion of heal wounds {unknown}
 n - a potion of mutation {unknown}
 z - a potion of flight
 A - a potion of brilliance
 D - a potion of berserk rage {unknown}
 E - a potion of curing {unknown}
 L - a potion of degeneration {unknown}


   Skills:
 + Level 3.4 Throwing
 + Level 3.6 Armour
 + Level 4.1 Dodging
 + Level 4.6 Stealth
 + Level 2.5 Shields
 * Level 5.8 Spellcasting
 * Level 5.9 Conjurations
 + Level 4.8 Fire Magic


You had 13 spell levels left.
You knew the following spells:

 Your Spells              Type           Power      Damage    Failure   Level
a - Foxfire               Conj/Fire      100%       2x1d9     1%          1
b - Scorch                Fire           78%        2d8       2%          2
c - Conjure Flame         Conj/Fire      43%        6-21      3%          3

Your spell library contained the following spells:

 Spells                   Type           Power      Damage    Failure   Level
 Magic Dart               Conj           100%       1d8       1%          1
 Searing Ray              Conj           92%        2d7       1%          2
 Inner Flame              Hex/Fire       24%        N/A       13%         3
 Flame Wave               Conj/Fire      43%        3d9       13%         4
 Ensorcelled Hibernation  Hex/Ice        18%        N/A       19%         2
 Spider Form              Tmut/Pois      4%         N/A       34%         3
 Fulminant Prism          Conj/Hex       13%        3d9       34%         4
 Animate Dead             Necr           4%         N/A       75%         4
 Cause Fear               Hex            4%         N/A       75%         4
 Summon Forest            Summ/Tloc      4%         N/A       97%         5
 Summon Mana Viper        Hex/Summ       9%         N/A       97%         5
 Summon Cactus Giant      Summ           4%         N/A       100%        6
 Haunt                    Necr/Summ      4%         N/A       100%        7
 Discord                  Hex            4%         N/A       100%        8
 Infestation              Necr           4%         N/A       100%        8


Dungeon Overview and Level Annotations

Branches:
Dungeon (8/15)             Temple (1/1) D:7
   Lair: D:8-11

Altars:
Ashenzari
Cheibriados
Hepliaklqana
Kikubaaqudgha
Makhleb
Nemelex Xobeh
Okawaru
Qazlal
Ru
Sif Muna
Trog
Uskayaw
Vehumet
Xom
Yredelemnul
The Shining One

Annotations:
D:6 2 transporters


Innate Abilities, Weirdness & Mutations

You are a tree.
Your roots penetrate the ground, keeping you stationary.
You cannot be teleported.
You are immune to unholy pain and torment.
Your maximum health is greatly increased.
Your equipment is partially melded.
You are surrounded by a mild repulsion field. (EV +2)
A weak demonic guardian rushes to your aid.
You regenerate a little health from kills.


Message History

The black bear claws you but does no damage.
The black bear completely misses you.
The orc wizard hits you but does no damage.
You cannot teleport because you are held in place by your roots.
Okay, then.
It was a potion of brilliance.
You feel clever all of a sudden.
Your shadow imp hits the orc priest.
The orc hits you but does no damage.
Casting: Scorch (safe; 2% risk of failure)
Confirm with . or Enter, or press ? or * to list all spells.
Okay, then.
Casting: Scorch (safe; 2% risk of failure)
Confirm with . or Enter, or press ? or * to list all spells.
You feel a surge of power!
Flames lash the orc wizard.
The orc wizard is almost dead.
The orc wizard's fire resistance burns away.
The orc priest hits you but does no damage.
The orc priest invokes the aid of Beogh against you.
Beogh smites you!
* * * LOW HITPOINT WARNING * * *
The black bear bites you but does no damage.
The black bear claws you but does no damage. x2
The orc wizard hits you but does no damage.
Your shadow imp hits the orc priest but does no damage.
Okay, then.
Casting: Scorch (safe; 2% risk of failure)
Confirm with . or Enter, or press ? or * to list all spells.
You feel a surge of power!
Flames lash the orc.
You kill the orc!
Vehumet accepts your kill.
The orc priest hits you but does no damage.
You block the orc priest's attack.
The orc wizard gestures wildly while chanting.
The orc wizard flickers and vanishes!
Deactivating autopickup; reactivate with Ctrl-A.
You block the black bear's attack. The black bear claws you.
* * * LOW HITPOINT WARNING * * *
The black bear claws you but does no damage.
The orc wizard hits you with a +0 dagger.
You die...

#.....#
#.....#
#.....#
#.....#
#.....#
#.....#
#...)h+
#...o♣#
#...oo#
#..5({#
#.....#
#.....#
#.....'
#.....#
#.....#


You could see a black bear, 2 orc priests, an orc wizard (combustible) and a
friendly shadow imp (summoned).

Vanquished Creatures
  Grinder (D:4)
  Menkaure (D:4)
  A sky beast (D:3)
  A hornet zombie (D:7)
  An ice beast (D:6)
  A black bear (D:7)
  An orc warrior (D:7)
  A necrophage (D:7)
  An ogre (D:6)
  A centaur (D:5)
  3 phantoms
  A kobold brigand (D:5)
  3 bullfrogs
  3 scorpions
  2 water moccasin zombies (D:6)
  A wyvern skeleton (D:7)
  A water moccasin skeleton (D:5)
  A howler monkey (D:4)
  A bullfrog zombie (D:7)
  A centaur zombie (D:7)
  2 hounds (D:6)
  3 orc priests
  A centaur skeleton (D:5)
  Ijyb (D:4)
  6 iguanas
  2 orc wizards
  A hound skeleton (D:4)
  A howler monkey zombie (D:6)
  Robin (D:1)
  3 gnolls (D:4)
  4 adders
  3 shadow imps
  2 ufetubi (D:5)
  3 dart slugs
  18 orcs
  8 endoplasms
  5 giant cockroaches
  21 goblins
  7 hobgoblins
  4 quokkas
  6 ball pythons
  10 bats
  5 frilled lizards
  15 kobolds
  14 rats
173 creatures vanquished.

Vanquished Creatures (collateral kills)
  A steam dragon (D:7)
  A gnoll shaman (D:4)
  An orc wizard (D:5)
  A gnoll (D:4)
4 creatures vanquished.

Vanquished Creatures (others)
  85 foxfires
  3 plants (D:7)
88 creatures vanquished.

Grand Total: 265 creatures vanquished

Notes
Turn   | Place    | Note
-------+----------+-------------------------------------------
     0 | D:1      | Iscandelvey the Demonspawn Fire Elementalist began the
                  | quest for the Orb.
     0 | D:1      | Reached XP level 1. HP: 13/13 MP: 3/3
   481 | D:1      | Gained mutation: You regenerate a little health from kills.
                  | [demonic ancestry]
   481 | D:1      | Reached XP level 2. HP: 19/19 MP: 0/5
   484 | D:1      | Learned a level 2 spell: Scorch
  1233 | D:1      | Reached XP level 3. HP: 24/24 MP: 1/6
  1859 | D:2      | Noticed Robin
  1874 | D:1      | Killed Robin
  2355 | D:2      | Reached XP level 4. HP: 30/30 MP: 7/7
  2944 | D:3      | Found an iron altar of Okawaru.
  3078 | D:3      | Reached skill level 1 in Armour
  3214 | D:3      | Reached XP level 5. HP: 31/35 MP: 7/9
  3470 | D:3      | Noticed a phantom
  3479 | D:3      | Killed a phantom
  3480 | D:3      | Reached skill level 1 in Throwing
  3480 | D:3      | Gained mutation: A weak demonic guardian rushes to your
                  | aid. [demonic ancestry]
  3480 | D:3      | Reached XP level 6. HP: 41/41 MP: 1/10
  3975 | D:3      | Noticed a sky beast
  4001 | D:3      | Killed a sky beast
  4204 | D:3      | Found a shimmering altar of Xom.
  4204 | D:3      | Found a bloodstained altar of Trog.
  4209 | D:3      | Found a stormy altar of Qazlal.
  4511 | D:4      | Noticed Menkaure
  4516 | D:4      | Killed Menkaure
  4517 | D:4      | Gained mutation: You are surrounded by a mild repulsion
                  | field. (EV +2) [demonic ancestry]
  4517 | D:4      | Reached XP level 7. HP: 27/46 MP: 8/12
  4964 | D:4      | Learned a level 3 spell: Conjure Flame
  4986 | D:4      | Noticed Grinder
  4999 | D:4      | Killed Grinder
  5693 | D:4      | Reached XP level 8. HP: 52/52 MP: 9/14
  5763 | D:4      | Noticed Ijyb
  5773 | D:4      | Killed Ijyb
  5933 | D:5      | Entered Level 5 of the Dungeon
  6394 | D:5      | Reached skill level 1 in Shields
  6938 | D:6      | Reached skill level 5 in Spellcasting
  7043 | D:6      | Reached skill level 5 in Conjurations
  7378 | D:6      | Reached XP level 9. HP: 57/57 MP: 1/17
  7509 | D:6      | Found a basalt altar of Yredelemnul.
  7510 | D:6      | Found an ancient bone altar of Kikubaaqudgha.
  7525 | D:6      | Found a transporter.
  7527 | D:6      | Found a transporter.
  8089 | D:7      | Found a staircase to the Ecumenical Temple.
  8116 | Temple   | Entered the Ecumenical Temple
  8130 | Temple   | Became a worshipper of Vehumet
  9312 | D:8      | HP: 2/85 [orc priest/divine providence (10)]
  9313 | D:8      | Slain by an orc wizard

Illustrated notes

Levels and vault maps discovered:
D:1:      eino_arrival_cavern_e, layout_loops_ring, minmay_circled_x
D:2:      layout_rooms, uniq_robin
D:3:      minmay_razor_zed, layout_basic, lemuel_doored_altar, minitemple
D:4:      layout_gridville, kennysheep_donut, uniq_grinder, uniq_menkaure,
          uniq_ijyb
D:5:      layout_cave_pools, tso_metal_star
D:6:      layout_rooms, gammafunk_temple_of_torment
D:7:      layout_basic, minmay_temple_entry_overgrown
D:8:      layout_gridville, overflow_temple_1_default,
          nicolae_wu_jian_immortal_techniques, lair_entry_dummy, serial_shops,
          kennysheep_mini, grunt_ministairs_4, uniq_pikel, uniq_maggie,
          uniq_erica, uniq_joseph, uniq_maurice
Temple:   jpeg_temple_island

Skill      XL: |  1  2  3  4  5  6  7  8  9 |
---------------+----------------------------+-----
Stealth        | 2 3 4 |  4.6
Fire Magic     | 3 4 |  4.8
Dodging        | 2 3 4 |  4.1
Conjurations   | 2 3 4 5 |  5.9
Armour         | 1 2 3 |  3.6
Spellcasting   | 3 4 5 |  5.8
Throwing       | 1 2 3 |  3.4
Shields        | 1 2 |  2.5

Action                   |  1- 3 |  4- 6 |  7- 9 || total
-------------------------+-------+-------+-------++-------
Melee: Unarmed           |    31 |       |       ||    31
       Mace              |    12 |       |       ||    12
       Dagger            |     8 |       |       ||     8
       Short sword       |       |       |    15 ||    15
 Fire: Hunting sling     |     6 |   138 |   196 ||   340
Throw: Boomerang         |       |       |     2 ||     2
 Cast: Foxfire           |    25 |    11 |    17 ||    53
       Scorch            |    34 |    23 |   108 ||   165
       Conjure Flame     |       |       |     1 ||     1
  Use: Potion            |       |       |     4 ||     4
       Scroll            |       |       |     1 ||     1
 Stab: Sleeping          |     1 |       |       ||     1
Armor: Leather armour    |    25 |    28 |    44 ||    97
       Robe              |     5 |       |       ||     5
       Skin              |       |       |    29 ||    29
       Steam dragon scal |       |       |     9 ||     9
Dodge: Dodged            |    55 |    49 |   121 ||   225
Block: Buckler           |       |       |     5 ||     5

Table legend: (Time is in decaauts)
 A = Elapsed time spent in this place.
 B = Non-inter-level travel time spent in this place.
 C = Inter-level travel time spent in this place.
 D = Time resting spent in this place.
 E = Time spent auto-exploring this place.
 F = Levels seen in this place.
 G = Mean time per level.
                   A        B        C        D        E       F      G
               +--------+--------+--------+--------+--------+-----+--------+
         Total |   9422 |   8965 |    457 |   2631 |   4806 |   9 | 1046.9 |
       Dungeon |   9122 |   8688 |    434 |   2631 |   4534 |   8 | 1140.2 |
        Temple |    299 |    276 |     23 |      0 |    272 |   1 |  299.0 |
               +--------+--------+--------+--------+--------+-----+--------+

Top non-repeatable levels by time:
     D:1: 2243 daAuts
     D:3: 1677 daAuts
     D:4: 1582 daAuts
     D:7: 946 daAuts
     D:6: 921 daAuts
     D:5: 857 daAuts
     D:2: 619 daAuts
  Temple: 299 daAuts
     D:8: 274 daAuts
